 Dungeon Crawl Stone Soup version 0.29-a0-393-g47a863cc1b (webtiles) character file.

Game seed: 12189755098141310992

1220 HendSelp the Quickloader (level 8, -8/56 HPs)
             Began as a Human Hunter on May 10, 2022.
             Was an Initiate of Gozag.
             Mangled by an orc warrior
             ... wielding a +0 hand axe
              (13 damage)
             ... on level 6 of the Dungeon.
             The game lasted 00:06:47 (4942 turns).

HendSelp the Quickloader (Human Hunter)             Turns: 4942, Time: 00:06:47

Health: -8/56      AC:  6    Str: 13    XL:     8   Next: 75%
Magic:  8/8        EV: 13    Int:  9    God:    Gozag
Gold:   485        SH:  0    Dex: 18    Spells: 7/7 levels left

rFire   . . .      SeeInvis .   a - +1 hand crossbow
rCold   . . .      Faith    .   (no shield)
rNeg    . . .      Spirit   .   j - +2 robe {Will+}
rPois   .          Reflect  .   (no helmet)
rElec   .          Harm     .   r - +1 cloak
rCorr   .          Rampage  .   (no gloves)
Will    ++...                   (no boots)
Stlth   ++........              l - amulet of regeneration
HPRegen 0.98/turn               g - ring of willpower
MPRegen 0.11/turn               n - +4 ring of slaying

@: no status effects
A: no striking features
a: Renounce Religion, Potion Petition, Call Merchant, Bribe Branch


You were on level 6 of the Dungeon.
You worshipped Gozag.
Gozag was aware of your devotion.
You visited 2 branches of the dungeon, and saw 7 of its levels.
You also visited: Sewer.

You collected 557 gold pieces.
You paid 72 gold pieces to Gozag.

Inventory:

Hand Weapons
 a - a +1 hand crossbow (weapon)
Armour
 j - a +2 robe of willpower (worn)
 r - a +1 cloak (worn)
Jewellery
 c - a ring of poison resistance
 g - a ring of willpower (left hand)
 h - a ring of protection from fire
 i - a ring of magical power
 l - an amulet of regeneration (around neck)
 n - a +4 ring of slaying (right hand)
Wands
 q - a wand of charming (9)
Scrolls
 s - a scroll of amnesia
 t - a scroll of silence
Potions
 b - a potion of lignification
 d - 6 potions of curing
 f - 5 potions of flight
 k - a potion of heal wounds {unknown}
 o - 3 potions of brilliance
 p - a potion of attraction {unknown}


   Skills:
 - Level 2.0 Fighting
 * Level 10.5 Crossbows
 + Level 1.1 Armour
 + Level 2.5 Dodging
 - Level 1.0 Stealth


You had 7 spell levels left.
You didn't know any spells.
Your spell library contained the following spells:

 Spells                   Type           Power      Damage    Failure   Level
 Magic Dart               Conj           0%         1d3       38%         1
 Call Imp                 Summ           0%         N/A       52%         2
 Mephitic Cloud           Conj/Pois/Air  0%         N/A       77%         3


Dungeon Overview and Level Annotations

Branches:
Dungeon (6/15)             Temple (1/1) D:4           Sewer (visited)

Altars:
Ashenzari
Dithmenos
Elyvilon
Fedhas
Gozag
Hepliaklqana
Kikubaaqudgha
Makhleb
Nemelex Xobeh
Okawaru
Qazlal
Ru
Sif Muna
Trog
Uskayaw
Vehumet
Wu Jian
Xom
Yredelemnul
Zin
The Shining One
Lugonu


Message History

The orc warrior hits you with a +0 hand axe.
Shoot: a) +1 hand crossbow
Press: ? - help, Q - select action, (/) - cycle Shift-Dir - straight line, f/p - orc warrior
Aim: an orc warrior, wielding a +0 hand axe and wearing a +0 plate armour (severely wounded, 72% to hit)
You shoot a bolt. The bolt barely misses the orc warrior.
The orc warrior hits you but does no damage.
Shoot: a) +1 hand crossbow
Press: ? - help, Q - select action, (/) - cycle Shift-Dir - straight line, f/p - orc warrior
Aim: an orc warrior, wielding a +0 hand axe and wearing a +0 plate armour (severely wounded, 72% to hit)
You shoot a bolt. The bolt hits the orc warrior.
The orc warrior is almost dead.
The orc warrior hits you with a +0 hand axe!
Shoot: a) +1 hand crossbow
Press: ? - help, Q - select action, (/) - cycle Shift-Dir - straight line, f/p - orc warrior
Aim: an orc warrior, wielding a +0 hand axe and wearing a +0 plate armour (almost dead, 72% to hit)
You shoot a bolt.
The bolt closely misses the orc warrior.
The orc warrior hits you but does no damage.
Something hits you but does no damage.
Shoot: a) +1 hand crossbow
Press: ? - help, Q - select action, (/) - cycle Shift-Dir - straight line, f/p - orc warrior
Aim: an orc warrior, wielding a +0 hand axe and wearing a +0 plate armour (almost dead, 72% to hit)
You shoot a bolt. The bolt barely misses the orc warrior.
The orc warrior barely misses you. Something hits you.
Shoot: a) +1 hand crossbow
Press: ? - help, Q - select action, (/) - cycle Shift-Dir - straight line, f/p - orc warrior
Aim: an orc warrior, wielding a +0 hand axe and wearing a +0 plate armour (severely wounded, 72% to hit)
You shoot a bolt.
The bolt hits the orc warrior but does no damage.
The orc warrior is severely wounded.
The orc warrior hits you with a +0 hand axe!
* * * LOW HITPOINT WARNING * * *
Something barely misses you.
Shoot: a) +1 hand crossbow
Press: ? - help, Q - select action, (/) - cycle Shift-Dir - straight line, f/p - orc warrior
Aim: an orc warrior, wielding a +0 hand axe and wearing a +0 plate armour (severely wounded, 72% to hit)
You shoot a bolt. The bolt barely misses the orc warrior.
The orc warrior hits you with a +0 hand axe!
You die...
Your body crumbles into a pile of gold.

#.# #.# ##.#######
###.#.##
######.###.####.........
#.......
..................######
#.#.#.##
##.)..........##..#
#.....#
###..##......##..#
##.....##
#....###.######..#
#.......# #...)......#
##..# #.......(
##........## #..##
#.......# ##..)...##
#.@# ####....## ##.....#
#o$# #<......# #....##
#.$# #.#####.# #..###
...# #.# #.# #### .#..#
#.# #.# $.#..# ... #.#
.. #..# ... #.. ... #..#
.... ### .....


You could see an orc warrior.

Vanquished Creatures
  A water moccasin (D:6)
  2 black bears
  A phantom (D:5)
  A kobold brigand (Sewer)
  Blork the orc (D:4)
  A bullfrog (D:6)
  2 necrophages
  A scorpion (D:6)
  2 orc priests (D:6)
  2 hounds
  A jelly (D:6)
  2 iguanas (D:5)
  4 orc wizards (D:6)
  4 adders
  2 river rats (Sewer)
  2 ufetubi (D:5)
  3 dart slugs
  12 orcs
  5 endoplasms
  6 giant cockroaches
  8 goblins
  8 hobgoblins
  14 jackals
  7 quokkas
  3 ball pythons
  A bat (D:3)
  2 frilled lizards
  13 kobolds
  12 rats
123 creatures vanquished.

Notes
Turn   | Place    | Note
-------+----------+-------------------------------------------
     0 | D:1      | HendSelp the Human Hunter began the quest for the Orb.
     0 | D:1      | Reached XP level 1. HP: 16/16 MP: 1/1
   104 | D:1      | Reached XP level 2. HP: 13/22 MP: 2/2
   737 | D:1      | Reached XP level 3. HP: 27/27 MP: 3/3
   766 | D:1      | Noticed a great orb of eyes
   768 | D:1      | Found a faded altar of an unknown god.
   775 | D:1      | Noticed a floating eye
   775 | D:1      | Noticed a shining eye
   775 | D:1      | Noticed a floating eye
  1086 | D:2      | Noticed a black bear
  1097 | D:2      | Killed a black bear
  1098 | D:2      | Reached skill level 6 in Crossbows
  1098 | D:2      | Reached XP level 4. HP: 33/33 MP: 4/4
  1098 | D:2      | Reached XP level 5. HP: 38/38 MP: 5/5
  2026 | D:3      | Reached skill level 1 in Armour
  2026 | D:3      | Reached XP level 6. HP: 23/44 MP: 6/6
  2228 | D:3      | Found a blossoming altar of Fedhas.
  2342 | D:3      | Found a glowing drain.
  2354 | Sewer    | Entered a sewer
  2360 | Sewer    | Reached skill level 7 in Crossbows
  2583 | Sewer    | Found a white marble altar of Elyvilon.
  2907 | D:3      | Found a hazy altar of Hepliaklqana.
  2984 | D:3      | Found an iron altar of Okawaru.
  3089 | D:3      | Found a sparkling altar of Nemelex Xobeh.
  3261 | D:4      | Reached XP level 7. HP: 44/50 MP: 7/7
  3281 | D:4      | Found a hide-covered altar of Uskayaw.
  3369 | D:4      | Found a broken altar of Ashenzari.
  3496 | D:4      | Found a staircase to the Ecumenical Temple.
  3507 | Temple   | Entered the Ecumenical Temple
  3550 | Temple   | Became a worshipper of Gozag Ym Sagoz the Greedy
  3674 | D:4      | Noticed Blork the orc
  3678 | D:4      | Killed Blork the orc
  3679 | D:4      | Reached skill level 8 in Crossbows
  3724 | D:4      | Found a burning altar of Makhleb.
  3724 | D:4      | Found a sacrificial altar of Ru.
  3732 | D:4      | Found a shimmering blue altar of Sif Muna.
  3734 | D:4      | Found a shadowy altar of Dithmenos.
  3736 | D:4      | Found a white marble altar of Elyvilon.
  4033 | D:5      | Entered Level 5 of the Dungeon
  4078 | D:5      | Found a stormy altar of Qazlal.
  4392 | D:5      | Reached skill level 9 in Crossbows
  4392 | D:5      | Reached XP level 8. HP: 56/56 MP: 8/8
  4865 | D:6      | Reached skill level 10 in Crossbows
  4942 | D:6      | Mangled by an orc warrior

Illustrated notes

Levels and vault maps discovered:
D:1:      lightli_arrival_noodles, layout_loops_ring,
          hellmonk_ecumenical_altar_watching_god, minmay_large_rounded_square
D:2:      layout_basic
D:3:      layout_loops_ring, mainiacjoe_overflow_tiny_flanked,
          lemuel_round_altar, mainiacjoe_overflow_catwalk,
          nemelex_diamond_rough_becter, gup_sewer_entry_pipe,
          amcnicky_mini_pool_small
D:4:      layout_basic, chequers_temple_overflow_minitemple,
          evilmike_ruin_ashenzari, mainiacjoe_overflow_brackets,
          minmay_temple_entry_ruins, uniq_blork_the_orc
D:5:      layout_basic, kennysheep_mini, minmay_stone_trees_small
D:6:      minmay_flawed_box, layout_loops_ring, amcnicky_altar_gilded
Temple:   corrupted_temple

Skill      XL: |  1  2  3  4  5  6  7  8 |
---------------+-------------------------+-----
Crossbows      | 6 7 9 10 | 10.5
Armour         | 1 |  1.1
Fighting       | |  2.0
Dodging        | |  2.5
Stealth        | |  1.0

Action                   |  1- 3 |  4- 6 |  7- 9 || total
-------------------------+-------+-------+-------++-------
 Fire: Hand crossbow     |    56 |   188 |   140 ||   384
Throw: Throwing net      |     1 |       |       ||     1
  Use: Scroll            |     3 |     4 |     5 ||    12
Armor: Leather armour    |     4 |     1 |       ||     5
       Robe              |       |    13 |    11 ||    24
Dodge: Dodged            |    14 |    45 |    30 ||    89

Table legend: (Time is in decaauts)
 A = Elapsed time spent in this place.
 B = Non-inter-level travel time spent in this place.
 C = Inter-level travel time spent in this place.
 D = Time resting spent in this place.
 E = Time spent auto-exploring this place.
 F = Levels seen in this place.
 G = Mean time per level.
                   A        B        C        D        E       F      G
               +--------+--------+--------+--------+--------+-----+--------+
         Total |   5025 |   4811 |    214 |     25 |   4019 |   8 |  628.1 |
       Dungeon |   4642 |   4458 |    184 |      7 |   3765 |   6 |  773.7 |
        Temple |     61 |     32 |     29 |      0 |     27 |   1 |   61.0 |
         Sewer |    321 |    321 |      0 |     18 |    227 |   1 |  321.0 |
               +--------+--------+--------+--------+--------+-----+--------+

Top non-repeatable levels by time:
     D:1: 1083 daAuts
     D:3: 1034 daAuts
     D:2: 868 daAuts
     D:4: 743 daAuts
     D:5: 642 daAuts
   Sewer: 321 daAuts
     D:6: 270 daAuts
  Temple: 61 daAuts
